[Event "Titled Tuesday Blitz June 6 Early 2023"]
[White "Womacka, Mathias"]
[Black "Vifleemskaia, Svetlana"]
[WhiteFideId "4611390"]
[BlackFideId "4129490"]
[WhiteElo "2377"]
[BlackElo "1930"]
[Result "0-1"]
[Round "11"]
[TimeControl "180+2"]
[Date "2023.06.06"]
[WhiteClock "0:00:01"]
[BlackClock "0:00:04"]
[Board "110"]

1. e4 e5 2. Nf3 Nc6 3. Bb5 a6 4. Bxc6 dxc6 5. O-O Ne7 6. Nxe5 Qd4 7. Qh5 g6 8. Qg5 Bg7 9. Nd3 Qxe4 10. Re1 h6 11. Qa5 Qd5 12. Qxc7 Qd8 13. Qxd8+ Kxd8 14. Nc3 Nf5 15. Ne2 Re8 16. Kf1 g5 17. c3 Be6 18. Nc5 Bc8 19. d4 b6 20. Nd3 Nh4 21. Be3 Bf5 22. Rad1 Be4 23. f3 Bxf3 24. Bxg5+ hxg5 25. gxf3 Nxf3 26. Ng3 Nxe1 27. Nxe1 Re6 28. Nf3 Bf6 29. d5 cxd5 30. Rxd5+ Kc7 31. Nxg5 Bxg5 32. Rxg5 Rd8 33. Rf5 Rd1+ 34. Kg2 Rd2+ 35. Kf3 Re7 36. h4 Rxb2 37. a4 Rb3 38. Ne4 Rb1 39. h5 Rh1 40. Ng3 Rh4 41. a5 bxa5 42. Rxa5 Kb6 43. Rf5 a5 44. Rf6+ Ka7 45. Nf5 Rh3+ 46. Kg4 Rxh5 47. Kxh5 Rc7 48. Nd6 Kb8 49. Nb5 Rc5+ 50. Kg4 Rxb5 51. Rxf7 Rc5 52. Rf2 Kb7 0-1


[Site "https://www.chess.com"]

[Event "Titled Tuesday Blitz June 6 Early 2023"]
[White "Begunov, Konstantin"]
[Black "Palacio,Igor Da Paz"]
[WhiteFideId "4118510"]
[BlackFideId "2121140"]
[WhiteElo "1993"]
[BlackElo "2126"]
[Result "0-1"]
[Round "11"]
[TimeControl "180+2"]
[Date "2023.06.06"]
[WhiteClock "0:00:09"]
[BlackClock "0:00:05"]
[Board "111"]

1. d4 Nf6 2. c4 g6 3. f3 c5 4. dxc5 Qa5+ 5. Nc3 Qxc5 6. e4 Nc6 7. Qd3 Nb4 8. Qe2 Bg7 9. Be3 Qxe3 10. Qxe3 Nc2+ 11. Kf2 Nxe3 12. Kxe3 a6 13. Rc1 d6 14. g3 Bd7 15. Bh3 Bc6 16. b3 e6 17. Nge2 Ke7 18. Nd4 Bd7 19. Bg2 e5 20. Nde2 Rac8 21. Nd5+ Nxd5+ 22. cxd5 Rxc1 23. Rxc1 Rc8 24. Rxc8 Bxc8 25. Kd3 Bh6 26. Nc3 Kd8 27. Nd1 Kc7 28. Ne3 Bxe3 29. Kxe3 Kb6 30. Kd3 Kc5 31. Kc3 a5 32. Bf1 b5 33. a3 b4+ 34. axb4+ axb4+ 35. Kd2 Bd7 36. Ke3 f5 37. Be2 h6 38. h4 fxe4 39. fxe4 g5 40. hxg5 hxg5 41. Bd3 Bg4 42. Bf1 Bd1 43. Bc4 Bc2 44. Kf3 Kd4 45. Kg4 Bxe4 46. Kxg5 Bxd5 47. Bxd5 Kxd5 48. g4 e4 49. Kf4 Kd4 50. g5 e3 51. g6 e2 52. g7 e1=Q 53. g8=Q Qf1+ 54. Kg3 Qg1+ 0-1


[Site "https://www.chess.com"]

[Event "Titled Tuesday Blitz June 6 Early 2023"]
[White "Sovetbekova, Nurai"]
[Black "Sarkar, Justin"]
[WhiteFideId "13801910"]
[BlackFideId "2010011"]
[WhiteElo "1857"]
[BlackElo "2151"]
[Result "0-1"]
[Round "11"]
[TimeControl "180+2"]
[Date "2023.06.06"]
[WhiteClock "0:01:50"]
[BlackClock "0:01:08"]
[Board "112"]

1. d4 d5 2. c4 dxc4 3. e4 b5 4. a4 c6 5. b3 e5 6. axb5 cxb5 7. bxc4 Bb4+ 8. Bd2 Qxd4 9. Bxb4 Qxa1 10. cxb5 Qd4 11. Qxd4 exd4 12. Bc4 Bb7 13. f3 Nd7 14. Ne2 Ne5 15. Nd2 Rc8 16. Bd5 Bxd5 17. exd5 Nd3+ 0-1


[Site "https://www.chess.com"]

[Event "Titled Tuesday Blitz June 6 Early 2023"]
[White "Kriti Mayur Patel"]
[Black "Fernandez Siles, Luis"]
[WhiteFideId "35061780"]
[BlackFideId "2209420"]
[WhiteElo "1306"]
[BlackElo "2195"]
[Result "0-1"]
[Round "11"]
[TimeControl "180+2"]
[Date "2023.06.06"]
[WhiteClock "0:00:06"]
[BlackClock "0:00:14"]
[Board "113"]

1. e4 c5 2. d4 cxd4 3. c3 Nf6 4. e5 Nd5 5. Bc4 Nb6 6. Bb3 d6 7. exd6 Qxd6 8. Nf3 Nc6 9. O-O e6 10. Na3 Be7 11. Nb5 Qd8 12. Bf4 O-O 13. Nc7 Rb8 14. Nb5 Ra8 15. cxd4 a6 16. Nc3 Bf6 17. Be3 Ne7 18. Ne4 Ned5 19. Rc1 Bd7 20. a4 Nxe3 21. fxe3 Bc6 22. Nxf6+ gxf6 23. Qd3 Kh8 24. Bc2 f5 25. Ne5 Bxa4 26. b3 Bb5 27. Nc4 Rc8 28. Bb1 Qg5 29. Rf3 Rg8 30. Rg3 Qh5 31. e4 fxe4 32. Qxe4 Rxg3 33. hxg3 Bc6 34. Qd3 Nd7 35. Nd6 Rf8 36. Rf1 f5 37. d5 Bxd5 38. Qd4+ Kg8 39. b4 Nf6 40. Qe5 Ng4 41. Rxf5 Qh2+ 42. Kf1 Qxg2+ 43. Ke1 Nxe5 44. Rxe5 Qxg3+ 45. Kd2 Qxe5 46. Kc2 Qxd6 47. Kb2 Rf2+ 48. Ka3 a5 49. Bxh7+ Kg7 50. Ka4 Qxb4# 0-1


[Site "https://www.chess.com"]

[Event "Titled Tuesday Blitz June 6 Early 2023"]
[White "Cramling Bellon, Anna"]
[Black "Sargissyan, Sargis"]
[WhiteFideId "32009232"]
[BlackFideId "13303210"]
[WhiteElo "1976"]
[BlackElo "2109"]
[Result "1-0"]
[Round "11"]
[TimeControl "180+2"]
[Date "2023.06.06"]
[WhiteClock "0:00:04"]
[BlackClock "0:00:11"]
[Board "114"]

1. d4 Nf6 2. c4 g6 3. Nc3 d5 4. cxd5 Nxd5 5. e4 Nxc3 6. bxc3 Bg7 7. Qa4+ Nd7 8. Nf3 O-O 9. Bg5 c5 10. Rd1 cxd4 11. cxd4 Nf6 12. Bd3 Bg4 13. O-O Bxf3 14. gxf3 h6 15. Be3 Qc8 16. e5 Nd5 17. Be4 Nxe3 18. fxe3 f5 19. Qb3+ Kh7 20. Bxb7 Qd8 21. Bxa8 Qxa8 22. Rb1 f4 23. e4 Qd8 24. Qd5 Qc8 25. Rbc1 Qb8 26. Qe6 Qb2 27. Rc6 Qxd4+ 28. Kh1 g5 29. Rc4 Qd3 30. Kg2 Rb8 31. Qf5+ Kh8 32. Rc8+ Rxc8 33. Qxc8+ Kh7 34. Rf2 h5 35. Qf5+ Kh6 36. h4 gxh4 37. Qxf4+ Kh7 38. Qxh4 Kg6 39. Kh3 Qe3 40. Rg2+ Kh7 41. Qxh5+ Bh6 42. Qf7+ Kh8 43. Rg8# 1-0


[Site "https://www.chess.com"]

[Event "Titled Tuesday Blitz June 6 Early 2023"]
[White "Amitpal, Singh"]
[Black "Shapiro, Daniel"]
[WhiteFideId "5012899"]
[BlackFideId "2001780"]
[WhiteElo "2107"]
[BlackElo "2360"]
[Result "0-1"]
[Round "11"]
[TimeControl "180+2"]
[Date "2023.06.06"]
[WhiteClock "0:00:19"]
[BlackClock "0:00:40"]
[Board "115"]

1. e4 c5 2. Nf3 e6 3. d3 Nc6 4. Nbd2 g6 5. g3 Bg7 6. Bg2 Nge7 7. O-O O-O 8. h4 h6 9. a4 b6 10. Nc4 d6 11. Bd2 e5 12. Qc1 Kh7 13. c3 f5 14. Nh2 Be6 15. exf5 gxf5 16. a5 d5 17. Na3 f4 18. axb6 axb6 19. Nb5 Rxa1 20. Qxa1 Bf5 21. d4 Bd3 22. Na7 Bxf1 23. Nxc6 Nxc6 24. Qxf1 fxg3 25. Qd3+ e4 26. Qxg3 cxd4 27. h5 Qf6 28. Ng4 Qf5 29. Bh3 Qxh5 30. Kg2 Ne5 31. cxd4 Rf3 32. Qh2 Nxg4 0-1


[Site "https://www.chess.com"]

[Event "Titled Tuesday Blitz June 6 Early 2023"]
[White "Sanchez, Robert"]
[Black "Ziatdinov, Raset"]
[WhiteFideId "2034360"]
[BlackFideId "2015323"]
[WhiteElo "1830"]
[BlackElo "2220"]
[Result "1-0"]
[Round "11"]
[TimeControl "180+2"]
[Date "2023.06.06"]
[WhiteClock "0:01:01"]
[BlackClock "0:00:51"]
[Board "116"]

1. e4 e6 2. d4 d5 3. Nc3 Nf6 4. e5 Nfd7 5. f4 c5 6. Nf3 Nc6 7. Be3 a6 8. Be2 b5 9. Qd2 Qb6 10. O-O Bb7 11. Nd1 cxd4 12. Nxd4 Bc5 13. c3 Rc8 14. Nf2 g6 15. Kh1 Qa7 16. a3 Nb6 17. Ng4 Nc4 18. Bxc4 dxc4 19. Nf6+ Ke7 20. f5 Nxe5 21. Bg5 Kf8 22. fxe6 Nd3 23. Qe3 Qa8 24. Nd7+ Ke8 25. Nxc5 Bxg2+ 26. Kg1 Rxc5 27. exf7+ Kd7 28. Qe7+ Kc8 29. f8=Q+ 1-0


[Site "https://www.chess.com"]

[Event "Titled Tuesday Blitz June 6 Early 2023"]
[White "Levitan, Caleb Levi"]
[Black "Jiganchine, Roman"]
[WhiteFideId "14332620"]
[BlackFideId "2603667"]
[WhiteElo "1963"]
[BlackElo "2300"]
[Result "0-1"]
[Round "11"]
[TimeControl "180+2"]
[Date "2023.06.06"]
[WhiteClock "0:00:03"]
[BlackClock "0:00:16"]
[Board "117"]

1. e4 c6 2. d4 d5 3. exd5 cxd5 4. Bd3 Nc6 5. c3 Nf6 6. Bf4 Bg4 7. Qb3 Qc8 8. Nd2 e6 9. Ngf3 Be7 10. O-O O-O 11. Ne5 Nxe5 12. Bxe5 Bh5 13. Rfe1 Bg6 14. Bxg6 hxg6 15. Nf3 a6 16. a4 Qc6 17. Nd2 b5 18. axb5 Qxb5 19. Qxb5 axb5 20. Bxf6 gxf6 21. Kf1 Rfc8 22. Ke2 b4 23. Kd3 f5 24. c4 dxc4+ 25. Nxc4 Bf6 26. f4 g5 27. g3 g4 28. Rec1 Kg7 29. Ne5 Rxa1 30. Rxa1 b3 31. Ra3 Rc2 32. Rxb3 Rxh2 33. Rb7 Bxe5 34. dxe5 Rg2 35. b4 Rxg3+ 36. Ke2 Rb3 37. b5 Rb4 38. b6 Rxf4 39. Rc7 Re4+ 40. Kf2 Rxe5 41. b7 Rb5 42. Kg3 Rb4 43. Kh4 Kf6 44. Kg3 Rb3+ 45. Kf2 f4 46. Kg2 e5 47. Kf2 Rb2+ 48. Kf1 g3 49. Kg1 f3 50. Rc6+ Kf5 51. Rc1 Rxb7 52. Rf1 e4 53. Re1 f6 54. Rd1 Kf4 55. Rc1 Rb4 56. Rd1 e3 57. Rc1 e2 58. Kh1 Re4 59. Re1 Ke3 60. Kg1 f2+ 61. Kg2 fxe1=Q 62. Kh3 Qh1+ 63. Kxg3 Qf3+ 64. Kh2 Rh4+ 65. Kg1 Rh1# 0-1


[Site "https://www.chess.com"]

[Event "Titled Tuesday Blitz June 6 Early 2023"]
[White "Dubreuil, Julien"]
[Black "Torres Dominguez, David"]
[WhiteFideId "621285"]
[BlackFideId "2220857"]
[WhiteElo "2265"]
[BlackElo "1999"]
[Result "1-0"]
[Round "11"]
[TimeControl "180+2"]
[Date "2023.06.06"]
[WhiteClock "0:01:50"]
[BlackClock "0:00:53"]
[Board "118"]

1. e4 Nc6 2. Nc3 e5 3. Nf3 Nf6 4. d4 exd4 5. Nd5 Be7 6. Bc4 d6 7. O-O O-O 8. Nxe7+ Qxe7 9. Re1 h6 10. Nxd4 Nxd4 11. Qxd4 Qe5 12. c3 Re8 13. f3 Qxd4+ 14. cxd4 d5 15. Bd3 dxe4 16. fxe4 Bf5 17. Bf4 Bxe4 18. Bxe4 Rxe4 19. Rxe4 Nxe4 20. Bxc7 Rc8 21. Re1 Rxc7 22. Rxe4 Rc1+ 23. Kf2 Rc2+ 24. Re2 Rxe2+ 25. Kxe2 Kf8 26. Kd3 Ke7 27. Ke4 Kd6 28. g4 g6 29. h4 Ke6 30. d5+ Kf6 31. g5+ hxg5 32. hxg5+ Kxg5 33. Ke5 f6+ 34. Ke6 f5 35. d6 1-0


[Site "https://www.chess.com"]

[Event "Titled Tuesday Blitz June 6 Early 2023"]
[White "Toczek, Grzegorz"]
[Black "KSho99"]
[WhiteFideId "1106457"]
[WhiteElo "2093"]
[BlackElo "2198"]
[Result "1-0"]
[Round "11"]
[TimeControl "180+2"]
[Date "2023.06.06"]
[WhiteClock "0:01:28"]
[BlackClock "0:00:05"]
[Board "119"]

1. c4 e5 2. e4 Nf6 3. Nc3 Bc5 4. h3 Nc6 5. Nf3 d6 6. a3 a5 7. d3 h6 8. Be3 Nd4 9. Bxd4 Bxd4 10. Nxd4 exd4 11. Ne2 c5 12. g3 a4 13. Bg2 Qa5+ 14. Qd2 Bd7 15. Qxa5 Rxa5 16. f4 b5 17. cxb5 Rxb5 18. O-O-O Rb3 19. e5 dxe5 20. fxe5 Nh7 21. Bd5 Rb6 22. h4 Bg4 23. Rd2 Nf8 24. Nf4 Ne6 25. Nxe6 Bxe6 26. Be4 Ke7 27. Rc2 Rc8 28. Kb1 Rb3 29. Rhc1 c4 30. dxc4 Rxg3 31. c5 Bb3 32. Rd2 Rc7 33. c6 Rg4 34. Rxd4 Rxh4 35. Rb4 Bd5 36. Bxd5 Rxb4 37. axb4 h5 38. b5 1-0


[Site "https://www.chess.com"]

[Event "Titled Tuesday Blitz June 6 Early 2023"]
[White "agvania123"]
[Black "Horak, Martin"]
[BlackFideId "367095"]
[WhiteElo "2239"]
[BlackElo "2091"]
[Result "1-0"]
[Round "11"]
[TimeControl "180+2"]
[Date "2023.06.06"]
[WhiteClock "0:00:12"]
[BlackClock "0:00:02"]
[Board "120"]

1. d4 c5 2. d5 e6 3. c4 b5 4. dxe6 fxe6 5. e4 Bb7 6. f3 Nf6 7. Bg5 Be7 8. Nd2 O-O 9. Bd3 d5 10. cxb5 c4 11. Bc2 Nbd7 12. exd5 exd5 13. Ne2 Bc5 14. b4 Bxb4 15. O-O Qb6+ 16. Kh1 Qxb5 17. Rb1 Qa5 18. Nd4 Rae8 19. a3 Qxa3 20. Ra1 Qc3 21. Nb5 Qe5 22. Bxf6 Nxf6 23. Rxa7 Bc6 24. Ba4 Qe2 25. Nc7 Bxa4 26. Rxa4 Qxd2 27. Qxd2 Bxd2 28. Nxe8 Rxe8 29. h4 c3 30. Ra2 d4 31. Rd1 Re1+ 32. Rxe1 Bxe1 33. Kg1 d3 34. Kf1 c2 35. Ra8+ Kf7 36. Ra7+ Kg6 37. Rc7 Bd2 38. g4 h6 39. h5+ Kh7 40. Kg2 c1=Q 41. Re7 Bf4 42. g5 hxg5 43. h6 Kxh6 44. Rb7 Qc2+ 45. Kf1 Qe2+ 46. Kg1 1-0


[Site "https://www.chess.com"]

[Event "Titled Tuesday Blitz June 6 Early 2023"]
[White "campochess"]
[Black "Dwilewicz, Katarzyna"]
[BlackFideId "1148486"]
[WhiteElo "2162"]
[BlackElo "2098"]
[Result "0-1"]
[Round "11"]
[TimeControl "180+2"]
[Date "2023.06.06"]
[WhiteClock "0:01:11"]
[BlackClock "0:00:11"]
[Board "121"]

1. e4 c5 2. Na3 Nc6 3. Bb5 g6 4. c3 Bg7 5. Nf3 a6 6. Be2 d5 7. d3 dxe4 8. dxe4 Qxd1+ 9. Bxd1 b5 10. Nc2 Bb7 11. Be3 Nf6 12. e5 Nd7 13. e6 fxe6 14. Ng5 Nd8 15. Bg4 e5 16. O-O-O Nf6 17. Bf3 e4 18. Be2 Rc8 19. Rd2 h6 20. Nh3 Ne6 21. Rhd1 Kf7 22. Nf4 Rc6 23. Nxe6 Kxe6 24. Bf4 g5 25. Bg3 Rhc8 26. Ne3 Rb6 27. Kb1 Kf7 28. Nf5 h5 29. Nxg7 Kxg7 30. h4 g4 31. Be5 Kf7 32. g3 Re6 33. Bf4 c4 34. Rd8 Rxd8 35. Rxd8 Nd5 36. Bg5 e3 37. fxe3 Nxe3 38. Rd7 Bc6 39. Rc7 Nd5 40. Ra7 Rxe2 41. Rxa6 Bd7 42. Ra7 Bf5+ 43. Kc1 Rg2 44. a4 Rc2+ 45. Kd1 Rxb2 46. axb5 Nxc3+ 47. Ke1 Re2+ 48. Kf1 Bd3 49. Kg1 Re1+ 50. Kf2 Re2+ 51. Kg1 Rb2 52. Rd7 Rxb5 53. Rxe7+ Kf8 54. Re6 Ne4 55. Bf4 Rb1+ 56. Kg2 Rb2+ 57. Kg1 Re2 58. Rh6 Re1+ 59. Kg2 Bf1+ 60. Kg1 Be2+ 61. Kg2 Bf3+ 62. Kh2 Rh1# 0-1


[Site "https://www.chess.com"]

[Event "Titled Tuesday Blitz June 6 Early 2023"]
[White "Zallio, Luciano de Souza"]
[Black "Kuzmin, Ilya"]
[WhiteFideId "2109700"]
[BlackFideId "4153863"]
[WhiteElo "2057"]
[BlackElo "2093"]
[Result "0-1"]
[Round "11"]
[TimeControl "180+2"]
[Date "2023.06.06"]
[WhiteClock "0:01:07"]
[BlackClock "0:00:34"]
[Board "122"]

1. e4 d5 2. exd5 Qxd5 3. Nf3 Nf6 4. Be2 Bg4 5. d4 e6 6. c4 Qd6 7. O-O c6 8. Nc3 Be7 9. Bg5 Nbd7 10. h3 Bh5 11. c5 Qc7 12. Rc1 O-O 13. b4 a6 14. a4 Rfe8 15. b5 axb5 16. axb5 Nd5 17. b6 Qd8 18. Bxe7 Rxe7 19. Ne5 Bxe2 20. Qxe2 Nxe5 21. Qxe5 Nxc3 22. Rxc3 Rd7 23. Rd1 Ra4 24. Rcd3 h6 25. f4 Ra2 26. R1d2 Rd5 27. Qe3 Ra1+ 28. Kh2 Qf6 29. g4 Rf1 30. Rf2 Rxf2+ 31. Qxf2 g5 32. Rf3 Qxd4 33. fxg5 Qxf2+ 34. Rxf2 hxg5 35. Rc2 Rd3 36. Kg2 Kg7 37. Kf2 Rxh3 38. Kg2 Rd3 39. Kf1 f5 40. Ke1 Kf6 41. gxf5 exf5 42. Re2 Rd7 0-1


[Site "https://www.chess.com"]

[Event "Titled Tuesday Blitz June 6 Early 2023"]
[White "Abrosimov, Vladimir"]
[Black "Winkels, Marcel"]
[WhiteFideId "4166892"]
[BlackFideId "1003887"]
[WhiteElo "2336"]
[BlackElo "1900"]
[Result "0-1"]
[Round "11"]
[TimeControl "180+2"]
[Date "2023.06.06"]
[WhiteClock "0:00:06"]
[BlackClock "0:00:09"]
[Board "123"]

1. c4 Nf6 2. Nc3 g6 3. d4 Bg7 4. Nf3 O-O 5. Bg5 d6 6. e3 c5 7. Be2 Bf5 8. O-O Nc6 9. d5 Ne5 10. h3 h6 11. Bh4 g5 12. Bg3 Nfd7 13. e4 Bg6 14. Nd2 f5 15. f3 f4 16. Bf2 h5 17. Rb1 a5 18. a3 Nf6 19. b4 axb4 20. axb4 b6 21. Qc2 g4 22. fxg4 hxg4 23. hxg4 Nfxg4 24. Bxg4 Nxg4 25. Nf3 Ra3 26. Nb5 Ra8 27. bxc5 bxc5 28. Ng5 Be5 29. Ne6 Qc8 30. Nxf8 Qxf8 31. Nc7 Qh6 32. Rfe1 Qh2+ 33. Kf1 Qh1+ 34. Ke2 Qxg2 35. Rf1 Bxe4 36. Qc1 Ra2+ 37. Ke1 Rxf2 38. Rb8+ Kf7 39. Rxf2 Qxf2+ 40. Kd1 Bf3# 0-1


[Site "https://www.chess.com"]

[Event "Titled Tuesday Blitz June 6 Early 2023"]
[White "Blackwhite017"]
[Black "Ciuffoletti, Paolo"]
[BlackFideId "807630"]
[WhiteElo "2099"]
[BlackElo "2143"]
[Result "0-1"]
[Round "11"]
[TimeControl "180+2"]
[Date "2023.06.06"]
[WhiteClock "0:01:29"]
[BlackClock "0:00:56"]
[Board "124"]

1. e4 c5 2. Nf3 Nc6 3. d4 cxd4 4. Nxd4 Nf6 5. Nc3 e5 6. Ndb5 d6 7. Bg5 a6 8. Na3 b5 9. Nd5 Be7 10. Bxf6 Bxf6 11. c4 b4 12. Nc2 a5 13. Be2 O-O 14. O-O Bg5 15. Qd3 Be6 16. Rfd1 Rb8 17. b3 Qd7 18. a3 Rfd8 19. axb4 axb4 20. Ra4 Bxd5 21. exd5 Ne7 22. Rda1 f5 23. Ra7 Rb7 24. Rxb7 Qxb7 25. Ra4 e4 26. Qd4 Bf6 27. Qa7 Qxa7 28. Rxa7 Rb8 29. g3 Kf8 30. h4 Bc3 31. Ne3 Bd4 32. Ng2 Bxa7 0-1


[Site "https://www.chess.com"]

[Event "Titled Tuesday Blitz June 6 Early 2023"]
[White "Lakshmi C"]
[Black "Korpics, Zsolt"]
[WhiteFideId "25035347"]
[BlackFideId "705241"]
[WhiteElo "1942"]
[BlackElo "2324"]
[Result "0-1"]
[Round "11"]
[TimeControl "180+2"]
[Date "2023.06.06"]
[WhiteClock "0:00:01"]
[BlackClock "0:01:24"]
[Board "125"]

1. e4 c5 2. Nf3 e6 3. c4 Nc6 4. d4 cxd4 5. Nxd4 Nf6 6. Nc3 Bb4 7. Qd3 d5 8. exd5 exd5 9. Qe3+ Be7 10. cxd5 Nxd5 11. Nxd5 Qxd5 12. Nxc6 Qxc6 13. Bd2 O-O 14. Rc1 Qd6 15. Be2 Bf6 16. Bc3 Bf5 17. O-O Rfe8 18. Qf3 Be4 19. Qg4 Bxc3 20. Rxc3 Qd2 21. Rg3 g6 22. Bc4 Rad8 0-1


[Site "https://www.chess.com"]

[Event "Titled Tuesday Blitz June 6 Early 2023"]
[White "Quirke, Jeffrey"]
[Black "Chuemsakul, Sarocha"]
[WhiteFideId "2013029"]
[BlackFideId "6203710"]
[WhiteElo "2198"]
[BlackElo "1686"]
[Result "0-1"]
[Round "11"]
[TimeControl "180+2"]
[Date "2023.06.06"]
[WhiteClock "0:00:02"]
[BlackClock "0:00:24"]
[Board "126"]

1. e4 g6 2. d4 Bg7 3. c3 d6 4. Nf3 Nf6 5. Bd3 O-O 6. O-O Nc6 7. Re1 e5 8. d5 Ne7 9. c4 c5 10. Nc3 Ne8 11. g3 f5 12. exf5 gxf5 13. Nh4 e4 14. Bf1 Ng6 15. Ng2 Ne5 16. Be2 Nf6 17. f4 Ng6 18. Ne3 Bd7 19. Bd2 a6 20. a4 Qb6 21. Qc2 Rf7 22. h3 h5 23. Kh2 h4 24. Rf1 hxg3+ 25. Kxg3 Bh6 26. Ng2 Kh7 27. Kh2 Rg8 28. Rg1 Qd8 29. Raf1 Rfg7 30. Be3 Qe8 31. Qd1 Ne7 32. b3 Rg6 33. Qe1 R8g7 34. Nh4 Rxg1 35. Rxg1 Rxg1 36. Qxg1 Nh5 37. Qf2 Qg8 38. Bxh5 Qg7 39. Qg3 Qxc3 40. Bg6+ Kh8 41. Bxf5 Bxf5 42. Nxf5 Nxf5 0-1


[Site "https://www.chess.com"]

[Event "Titled Tuesday Blitz June 6 Early 2023"]
[White "le-castor-faineant"]
[Black "Skiadopoulos, Nikolaos"]
[BlackFideId "4200772"]
[WhiteElo "2220"]
[BlackElo "2022"]
[Result "1-0"]
[Round "11"]
[TimeControl "180+2"]
[Date "2023.06.06"]
[WhiteClock "0:01:55"]
[BlackClock "0:00:05"]
[Board "127"]

1. e4 c5 2. Nf3 Nc6 3. d4 cxd4 4. Nxd4 e5 5. Nxc6 bxc6 6. c4 Nf6 7. Nc3 Bb4 8. Bg5 Qa5 9. Bd2 Qb6 10. Bd3 O-O 11. O-O Be7 12. a3 d6 13. b4 Be6 14. Na4 Qc7 15. Rc1 Rad8 16. Qe2 a5 17. b5 cxb5 18. cxb5 Qb8 19. Bxa5 Qa7 20. Bxd8 Rxd8 21. Qd1 d5 22. b6 Qb8 23. exd5 Nxd5 24. Qc2 Bxa3 25. Bxh7+ Kh8 26. Rcd1 Nxb6 27. Nxb6 Qxb6 28. Rxd8+ Qxd8 29. Bf5 Qf6 30. Bxe6 Qxe6 31. Rd1 g6 32. h3 e4 33. Re1 Bd6 34. Qxe4 Qf6 35. Qe8+ Kg7 36. Qe4 1-0


[Site "https://www.chess.com"]

[Event "Titled Tuesday Blitz June 6 Early 2023"]
[White "Todorovic, Bojan"]
[Black "Flis, Pawel"]
[WhiteFideId "917087"]
[BlackFideId "1112864"]
[WhiteElo "2266"]
[BlackElo "1822"]
[Result "0-1"]
[Round "11"]
[TimeControl "180+2"]
[Date "2023.06.06"]
[WhiteClock "0:00:01"]
[BlackClock "0:00:07"]
[Board "128"]

1. d4 c5 2. d5 Nf6 3. Nc3 e6 4. e4 d6 5. Bb5+ Bd7 6. a4 exd5 7. exd5 Be7 8. Nf3 O-O 9. Bxd7 Qxd7 10. O-O Na6 11. h3 Nb4 12. Re1 Rfe8 13. Bg5 Qf5 14. g4 Qxc2 15. Rc1 Qxb2 16. Re2 Qa3 17. Qd2 Nbxd5 18. Nxd5 Nxd5 19. Qxd5 Bxg5 20. Rce1 Rxe2 21. Rxe2 Bf6 22. g5 Bd4 23. Re7 Rf8 24. Nxd4 Qa1+ 25. Kg2 Qxd4 26. Qxd4 cxd4 27. Rxb7 Rd8 28. Rxa7 d3 29. Kf3 d5 30. Ke3 d4+ 31. Kxd3 g6 32. f4 Kf8 33. Rb7 Ra8 34. Rb4 Ra5 35. Rxd4 Ke7 36. Kc3 Ke6 37. Kb4 Ra8 38. a5 Kf5 39. Ka4 f6 40. gxf6 Kxf6 41. Rd5 Ke6 42. Rb5 Kd6 43. Kb4 Kc6 44. Rb6+ Kd5 45. Kb5 Ke4 46. a6 Kxf4 0-1


[Site "https://www.chess.com"]

[Event "Titled Tuesday Blitz June 6 Early 2023"]
[White "Nikulina, Alena"]
[Black "Paiva, Henrique M A Albergaria"]
[WhiteFideId "4172051"]
[BlackFideId "1920995"]
[WhiteElo "1608"]
[BlackElo "2007"]
[Result "1/2-1/2"]
[Round "11"]
[TimeControl "180+2"]
[Date "2023.06.06"]
[WhiteClock "0:00:09"]
[BlackClock "0:00:17"]
[Board "129"]

1. e4 c5 2. Nf3 d6 3. c3 Nf6 4. h3 e5 5. Bd3 Nc6 6. Bc2 Be7 7. O-O O-O 8. Re1 a6 9. d4 cxd4 10. cxd4 Qc7 11. Nc3 b6 12. a3 Bb7 13. d5 Na5 14. Bd3 Rac8 15. Be3 b5 16. Rc1 Nc4 17. Bxc4 bxc4 18. Qc2 Qa5 19. Nd2 Nd7 20. Na4 f5 21. f3 fxe4 22. fxe4 c3 23. Nxc3 Bh4 24. Rf1 Rxf1+ 25. Rxf1 Nb6 26. Qd1 Nc4 27. Nxc4 Rxc4 28. Qg4 Qd8 29. Qf5 Bf6 30. g4 Bc8 31. Qf3 h6 32. Bxh6 a5 33. Bd2 Ba6 34. g5 Rxc3 35. bxc3 Bxf1 36. Qxf1 Bxg5 37. Qg2 Qb6+ 38. Kh2 Bxd2 39. Qxd2 Qb1 40. Qe2 Qc1 41. c4 Qxa3 42. Qg4 Qa2+ 43. Kg3 Qxc4 44. Qe6+ Kh8 45. Qe8+ Kh7 46. Qh5+ Kg8 47. Qe8+ Kh7 48. Qh5+ 1/2-1/2


[Site "https://www.chess.com"]

[Event "Titled Tuesday Blitz June 6 Early 2023"]
[White "Larina, Maria"]
[Black "White, John S."]
[WhiteFideId "24113182"]
[BlackFideId "2502348"]
[WhiteElo "1848"]
[BlackElo "1993"]
[Result "0-1"]
[Round "11"]
[TimeControl "180+2"]
[Date "2023.06.06"]
[WhiteClock "0:00:03"]
[BlackClock "0:00:30"]
[Board "130"]

1. e4 e6 2. d4 d5 3. Nc3 Bb4 4. exd5 exd5 5. Bd3 Nf6 6. Ne2 O-O 7. O-O Be6 8. Nf4 Bxc3 9. bxc3 Nbd7 10. Re1 Re8 11. Nxe6 fxe6 12. Bf4 c5 13. Bb5 Qb6 14. Rb1 Qa5 15. Qf3 Qxa2 16. Bxd7 Nxd7 17. Rxb7 Nf6 18. Be5 Rf8 19. Qh3 Rae8 20. dxc5 Qxc2 21. Bd6 Rf7 22. Rxf7 Kxf7 23. c6 Rc8 24. c7 Qf5 25. Qxf5 exf5 26. Re7+ Kg6 27. f3 a5 28. Kf2 a4 29. g3 Ne8 30. Bb4 Nxc7 31. Rd7 Kf6 32. Ke3 h6 33. h4 g5 34. hxg5+ hxg5 35. g4 fxg4 36. fxg4 Ke6 37. Rg7 Kf6 38. Rh7 Kg6 39. Rd7 Re8+ 40. Kd3 Ne6 41. Rd6 Kf6 42. Kc2 Ke5 43. Ra6 Kf4 44. Rxa4 Kxg4 45. Bd6+ Kh3 46. Kd3 g4 47. Ra7 g3 48. Rh7+ Kg2 49. c4 dxc4+ 50. Kxc4 Kf2 51. Rf7+ Kg1 52. Rf6 g2 53. Rg6 Kf1 54. Bh2 Rh8 0-1


[Site "https://www.chess.com"]

[Event "Titled Tuesday Blitz June 6 Early 2023"]
[White "Maluco_do_Natal_00"]
[Black "Floresvillar Gonzalez, Luis Migu"]
[BlackFideId "5100542"]
[WhiteElo "2062"]
[BlackElo "2040"]
[Result "0-1"]
[Round "11"]
[TimeControl "180+2"]
[Date "2023.06.06"]
[WhiteClock "0:00:02"]
[BlackClock "0:01:41"]
[Board "131"]

1. e4 c6 2. d4 d5 3. Nc3 dxe4 4. Nxe4 Bf5 5. Ng3 Bg6 6. h4 h6 7. h5 Bh7 8. Nf3 Nd7 9. Bd3 Bxd3 10. Qxd3 e6 11. Bd2 Qb6 12. O-O-O Ngf6 13. Ne4 Nxe4 14. Qxe4 Bb4 15. c3 Bd6 16. Kb1 O-O-O 17. c4 Qa6 18. Qe2 Rhe8 19. Ne5 Bxe5 20. dxe5 Nb6 21. b3 Rd7 22. Bb4 Red8 23. Rxd7 Rxd7 24. Bd6 Nd5 25. Kb2 c5 26. Qg4 Nb4 27. a3 Nd3+ 28. Kc3 Nxe5 29. Bxe5 Qxa3 30. Qxg7 Qb4+ 0-1


[Site "https://www.chess.com"]

[Event "Titled Tuesday Blitz June 6 Early 2023"]
[White "Sokolov, Andrei"]
[Black "Lisjak, Zlatko"]
[WhiteFideId "11600306"]
[BlackFideId "14502186"]
[WhiteElo "2473"]
[BlackElo "1998"]
[Result "1/2-1/2"]
[Round "11"]
[TimeControl "180+2"]
[Date "2023.06.06"]
[WhiteClock "0:02:42"]
[BlackClock "0:02:03"]
[Board "132"]

1. e4 d6 2. d4 Nf6 3. Nc3 c6 4. Nf3 Bg4 5. h3 Bh5 6. g4 Bg6 7. Bd3 e6 8. Bg5 Be7 9. Qd2 d5 10. e5 Ne4 11. Bxe4 dxe4 12. Bxe7 Qxe7 13. Nh2 Nd7 14. O-O-O c5 15. dxc5 1/2-1/2


[Site "https://www.chess.com"]